[Event "German Bundesliga 2023-24"]
[Site "Germany"]
[Date "2024.02.24"]
[Round "10.1"]
[White "Kadric, Denis"]
[Black "Santos Latasa, Jaime"]
[Result "0-1"]
[ECO "B86"]
[WhiteElo "2579"]
[BlackElo "2615"]
[Annotator "TA"]
[PlyCount "72"]
[EventDate "2023.10.20"]
[EventType "team-tourn"]
[EventCountry "GER"]
[SourceTitle "playchess.com"]
[Source "ChessBase"]
[SourceQuality "1"]
[TimeControl "40/6000+30:3000+30"]

1. e4 c5 2. Nf3 d6 3. d4 cxd4 4. Nxd4 Nf6 5. Nc3 a6 6. Bc4 e6 7. Be3 Qc7 8. Qe2 b5 9. Bb3 Nbd7 {[%emt 0:04:27] The position is equal.} 10. Bxe6 fxe6 11. Nxe6 Qb8 12. Nd5 Nxd5 13. exd5 {[%emt 0:07:29][%cal Oe6c7] [#] Threatens to win with Nc7+!} Nf6 14. Bd4 Bxe6 15. Qxe6+ Be7 16. Bxf6 gxf6 17. O-O-O Qc8 18. Qe2 Ra7 19. Qh5+ Kd8 20. Rhe1 Qc4 21. Kb1 Rc7 22. Qf5 Qh4 (22... Re8 {feels hotter.} 23. a3 a5 24. g3 b4) 23. g3 Qg5 (23... Qxh2 24. Rh1 Qg2 25. Rdg1 $18 (25. Rxh7 $2 Rxh7 26. Qxh7 Qxf2 $19) (25. Rxh7 $2 Rxh7 26. Qxh7 Qxf2 $19)) 24. Qf3 Kc8 (24... Re8 $15 25. Re6 Qg6) 25. Rd4 (25. a4 $11) 25... Qg6 (25... Kb8 $1 $15) 26. Qb3 (26. Rde4 $11 {keeps the balance.}) 26... Bd8 $17 27. Rde4 {[%emt 0:02:59] Prevents Re8.} (27. Re6 $142) 27... Qf5 28. Rf4 Qh5 29. a4 Re8 (29... Qxh2 30. axb5 a5 31. Qa3 $14) 30. Rxe8 Qxe8 31. axb5 axb5 {[%emt 0:02:07] And now ...Qe1+ would win.} 32. Qa3 (32. Qe3 {was the only defense.} Qxe3 33. fxe3) 32... Qe2 $19 33. Qa8+ (33. Qd3 {was worth a try.} Qxd3 34. cxd3) 33... Kd7 34. c3 f5 {[%emt 0:00:54] Strongly threatening ...Bf6.} 35. g4 {[%emt 0:01:42] [#]} (35. Qa6 $142) 35... Rxc3 $2 36. Rxf5 $2 (36. bxc3 $19 Qd1+ (36... fxg4 37. Qb7+ Bc7 38. Qc6+ Ke7 39. Qxc7+ Ke8 40. Qc8+ Ke7 41. Qf8+ Kd7 42. Rf7+) 37. Kb2 Qd2+ (37... fxg4 38. Qc6+ Ke7 39. Qb7+) 38. Kb3 Qxf4 39. Qb7+ Bc7 40. Qxb5+ Kd8 41. Qc6) 36... Qf1+ {[%emt 0:00:08] Weighted Error Value: White=0.64/Black=0.34.  Mistake:       	White=7     	Black=3      Inaccurate:     	White=1     	Black=1      OK:         	White=10    	Black=10     Best:        	White=1     	Black=4} 0-1

[Event "German Bundesliga 2023-24"]
[Site "Germany"]
[Date "2024.02.24"]
[Round "10.2"]
[White "Huschenbeth, Niclas"]
[Black "Brkic, Ante"]
[Result "1/2-1/2"]
[ECO "B90"]
[WhiteElo "2605"]
[BlackElo "2606"]
[Annotator "RC"]
[PlyCount "146"]
[EventDate "2023.10.20"]
[EventType "team-tourn"]
[EventCountry "GER"]
[SourceTitle "playchess.com"]
[Source "ChessBase"]
[SourceQuality "1"]
[TimeControl "40/6000+30:3000+30"]

1. e4 c5 2. Nf3 d6 3. d4 cxd4 4. Nxd4 Nf6 5. Nc3 a6 6. Be3 e5 7. Nb3 Be7 8. f3 Be6 9. Qd2 O-O 10. O-O-O Nbd7 11. g4 b5 12. g5 Nh5 13. Kb1 Nb6 14. Na5 Rc8 15. Nd5 Nxd5 16. exd5 Bxd5 17. Qxd5 Qxa5 18. c4 Nf4 19. Bxf4 exf4 20. h4 Qa4 21. Rc1 Rfe8 22. Bd3 Rc5 23. Qe4 g6 24. h5 Re5 25. Qb7 bxc4 26. Bxc4 Rd8 27. hxg6 hxg6 28. Bxf7+ Kxf7 29. Rh7+ Kf8 30. Rh8+ Kf7 31. Rxd8 Rb5 32. Qa7 Qb4 33. b3 Rb7 34. Qa8 Bxd8 35. Qxd8 Qd4 36. Qc8 Qd3+ 37. Kb2 Qd4+ 38. Rc3 Rb5 39. Qxa6 Qd2+ 40. Ka3 Rxg5 41. Qc4+ Kf6 42. Rc2 Qe3 43. Qc7 Rd5 44. Qd8+ Qe7 45. Qxe7+ Kxe7 46. Kb4 Rd3 47. a4 Rxf3 48. a5 Rh3 49. a6 f3 50. Rc8 Rh4+ 51. Kb5 Rh5+ 52. Kb6 Rc5 53. Rh8 Rh5 54. Rc8 Rc5 55. Rxc5 dxc5 56. a7 f2 57. a8=Q f1=Q 58. Qe4+ Kf6 59. Qc6+ Kg5 60. Qxc5+ Kh4 61. Qd4+ Kh5 62. b4 g5 63. Qh8+ Kg4 64. b5 Kg3 65. Qb8+ Qf4 66. Ka7 Qxb8+ 67. Kxb8 g4 68. b6 Kf2 69. b7 g3 70. Kc7 g2 71. b8=Q g1=Q 72. Qa7+ Kg2 73. Qxg1+ Kxg1 1/2-1/2

[Event "German Bundesliga 2023-24"]
[Site "Germany"]
[Date "2024.02.24"]
[Round "10.3"]
[White "Predojevic, Borki"]
[Black "Idani, Pouya"]
[Result "1/2-1/2"]
[ECO "A13"]
[WhiteElo "2580"]
[BlackElo "2633"]
[Annotator "RC"]
[PlyCount "41"]
[EventDate "2023.10.20"]
[EventType "team-tourn"]
[EventCountry "GER"]
[SourceTitle "playchess.com"]
[Source "ChessBase"]
[SourceQuality "1"]
[TimeControl "40/6000+30:3000+30"]

1. Nf3 Nf6 2. c4 e6 3. g3 d5 4. Bg2 dxc4 5. Qa4+ Bd7 6. Qxc4 c5 7. Ne5 Qc8 8. Qd3 Nc6 9. Nxd7 Nxd7 10. b3 Be7 11. Bb2 O-O 12. Nc3 Rd8 13. Rd1 Nf6 14. Qb1 Qc7 15. O-O Rd7 16. d3 h5 17. e3 h4 18. d4 cxd4 19. Nb5 Qa5 20. Nxd4 hxg3 21. hxg3 1/2-1/2

[Event "German Bundesliga 2023-24"]
[Site "Germany"]
[Date "2024.02.24"]
[Round "10.4"]
[White "Santos Ruiz, Miguel"]
[Black "Markus, Robert"]
[Result "1/2-1/2"]
[ECO "C15"]
[WhiteElo "2593"]
[BlackElo "2582"]
[Annotator "ChessBase"]
[PlyCount "41"]
[EventDate "2023.10.20"]
[EventType "team-tourn"]
[EventCountry "GER"]
[SourceTitle "playchess.com"]
[Source "ChessBase"]
[SourceQuality "1"]
[TimeControl "40/6000+30:3000+30"]

1. e4 e6 2. d4 d5 3. Nc3 Bb4 4. Nge2 dxe4 5. a3 Be7 6. Nxe4 Bd7 7. Qd3 Bc6 8. Bf4 Nd7 9. O-O-O Ngf6 10. N2c3 Nxe4 11. Nxe4 Bxe4 12. Qxe4 c6 13. Kb1 Qa5 14. Bc1 Rd8 15. h4 Nf6 16. Qf3 Qd5 17. Be2 Qxf3 18. Bxf3 h5 19. Rhe1 Nd5 20. g3 b5 21. Bg5 1/2-1/2

[Event "German Bundesliga 2023-24"]
[Site "Germany"]
[Date "2024.02.24"]
[Round "10.5"]
[White "Stevic, Hrvoje"]
[Black "Dragnev, Valentin"]
[Result "1/2-1/2"]
[ECO "C47"]
[WhiteElo "2549"]
[BlackElo "2586"]
[Annotator "RC"]
[PlyCount "45"]
[EventDate "2023.10.20"]
[EventType "team-tourn"]
[EventCountry "GER"]
[SourceTitle "playchess.com"]
[Source "ChessBase"]
[SourceQuality "1"]
[TimeControl "40/6000+30:3000+30"]

1. e4 e5 2. Nf3 Nf6 3. Nc3 Nc6 4. d4 exd4 5. Nxd4 Bb4 6. Nxc6 bxc6 7. Bd3 d5 8. Bd2 O-O 9. O-O Bxc3 10. Bxc3 dxe4 11. Bxf6 Qxf6 12. Bxe4 Qxb2 13. Bxc6 Rb8 14. Rb1 Qxb1 15. Qxb1 Rxb1 16. Rxb1 Rd8 17. Kf1 Kf8 18. Rb3 Be6 19. Ra3 Rd2 20. Be4 Bc4+ 21. Bd3 Rxc2 22. Bxc4 Rxc4 23. Ke2 1/2-1/2

[Event "German Bundesliga 2023-24"]
[Site "Germany"]
[Date "2024.02.24"]
[Round "10.6"]
[White "Georgiadis, Nico"]
[Black "Jovanovic, Zoran"]
[Result "1/2-1/2"]
[ECO "C41"]
[WhiteElo "2563"]
[BlackElo "2513"]
[Annotator "RC"]
[PlyCount "46"]
[EventDate "2023.10.20"]
[EventType "team-tourn"]
[EventCountry "GER"]
[SourceTitle "playchess.com"]
[Source "ChessBase"]
[SourceQuality "1"]
[TimeControl "40/6000+30:3000+30"]

1. e4 d6 2. d4 Nf6 3. Nc3 e5 4. Nf3 Nbd7 5. Rg1 g6 6. Be3 Bg7 7. dxe5 dxe5 8. g4 O-O 9. Qd3 Nb6 10. g5 Nh5 11. Qxd8 Rxd8 12. Nb5 Bd7 13. a4 Bxb5 14. axb5 Nc8 15. Nd2 Nd6 16. f3 Nf4 17. h4 h6 18. Nb3 b6 19. c3 hxg5 20. hxg5 Nb7 21. Nc1 Nc5 22. Bxf4 exf4 23. Ra3 Rd6 1/2-1/2

[Event "German Bundesliga 2023-24"]
[Site "Germany"]
[Date "2024.02.24"]
[Round "10.7"]
[White "Kovacevic, Aleksandar"]
[Black "Bogner, Sebastian"]
[Result "1/2-1/2"]
[ECO "B51"]
[WhiteElo "2445"]
[BlackElo "2536"]
[Annotator "TA"]
[PlyCount "53"]
[EventDate "2023.10.20"]
[EventType "team-tourn"]
[EventCountry "GER"]
[SourceTitle "playchess.com"]
[Source "ChessBase"]
[SourceQuality "1"]
[TimeControl "40/6000+30:3000+30"]

1. e4 c5 2. Nf3 d6 3. Bb5+ Nd7 4. O-O a6 5. Bd3 Ngf6 6. Re1 g6 7. c3 Bg7 8. Bc2 O-O 9. d4 e5 10. dxe5 Nxe5 11. Nxe5 dxe5 12. Qe2 b5 13. a4 Bd7 14. b3 Qc7 15. c4 b4 16. Nd2 Nh5 17. g3 {[%emt 0:01:29] Inhibits Nf4.} Bh6 18. Bb2 {[%emt 0:05:43] [#]} Bg4 19. f3 (19. Qxg4 $11 Bxd2 20. Red1) 19... Bh3 20. Nf1 Bxf1 21. Rxf1 {[%emt 0:00:46] The position is equal.} Ng7 22. Rad1 Ne6 23. Rd5 Bg7 24. Rfd1 Rfd8 25. Rxd8+ Rxd8 26. Rd5 a5 27. Qd2 {[%emt 0:03:51] Weighted Error Value: White=0.09 (flawless) /Black=0.09 (flawless) .  Mistake:       	White=1     	Black=1      Inaccurate:     	White=1     	Black=1      OK:         	White=8     	Black=9      Best:        	---       	Black=1} 1/2-1/2

[Event "German Bundesliga 2023-24"]
[Site "Germany"]
[Date "2024.02.24"]
[Round "10.8"]
[White "Lokander, Martin"]
[Black "Zelcic, Robert"]
[Result "1-0"]
[ECO "E32"]
[WhiteElo "2462"]
[BlackElo "2476"]
[Annotator "RC"]
[PlyCount "184"]
[EventDate "2023.10.20"]
[EventType "team-tourn"]
[EventCountry "GER"]
[SourceTitle "playchess.com"]
[Source "ChessBase"]
[SourceQuality "1"]
[TimeControl "40/6000+30:3000+30"]

1. d4 Nf6 2. c4 e6 3. Nc3 Bb4 4. Qc2 O-O 5. e4 d5 6. e5 Ne4 7. Bd3 c5 8. Nf3 cxd4 9. Nxd4 f5 10. exf6 Nxf6 11. cxd5 exd5 12. O-O Nc6 13. Be3 Kh8 14. Nxc6 bxc6 15. Ne2 Bd7 16. Rac1 a5 17. Bc5 Bxc5 18. Qxc5 Qb8 19. b3 Ng4 20. f4 a4 21. b4 a3 22. Rc3 h6 23. h3 Nf6 24. Bg6 Ne4 25. Bxe4 dxe4 26. f5 Qe8 27. g4 Qf7 28. Nf4 Kh7 29. Rf2 Rfb8 30. Re3 Rb5 31. Qd6 Re8 32. Rd2 Bxf5 33. gxf5 Rxf5 34. Ng2 Re6 35. Qd7 Rf1+ 36. Kh2 Qxd7 37. Rxd7 Rf2 38. Kg3 Rxa2 39. Nf4 Re5 40. h4 Ra1 41. Ra7 a2 42. Ng2 h5 43. Rea3 Rb5 44. Rxa2 Rxa2 45. Rxa2 g5 46. hxg5 Rxg5+ 47. Kf4 Rb5 48. Ne3 Rxb4 49. Kg5 Rb7 50. Nf5 c5 51. Kf6 c4 52. Rh2 Rb6+ 53. Kf7 Rb7+ 54. Ke6 c3 55. Nd6 Rc7 56. Rxh5+ Kg6 57. Rh1 c2 58. Rg1+ Kh5 59. Rc1 e3 60. Nf5 Rc3 61. Nd4 e2 62. Nxe2 Rc8 63. Nd4 Kg4 64. Ke5 Kg3 65. Ke4 Kh2 66. Kf3 Rf8+ 67. Kg4 Rg8+ 68. Kf4 Rf8+ 69. Nf5 Rc8 70. Kf3 Rc7 71. Nh6 Rc3+ 72. Kf2 Rc4 73. Kf3 Rc3+ 74. Ke2 Rc8 75. Nf5 Kg2 76. Ne3+ Kg3 77. Nxc2 Kh2 78. Kd3 Kg3 79. Rf1 Rd8+ 80. Nd4 Rd7 81. Rf6 Rd8 82. Ke3 Re8+ 83. Ne6 Ra8 84. Rg6+ Kh2 85. Nd4 Kh3 86. Rg5 Ra3+ 87. Kf4 Ra4 88. Ke4 Ra1 89. Nf5 Kh2 90. Kf3 Ra3+ 91. Ne3 Rb3 92. Ra5 Rc3 1-0

[Event "German Bundesliga 2023-24"]
[Site "Germany"]
[Date "2024.02.24"]
[Round "10.9"]
[White "Shevchenko, Kirill"]
[Black "Eljanov, Pavel"]
[Result "1/2-1/2"]
[ECO "C90"]
[WhiteElo "2651"]
[BlackElo "2695"]
[Annotator "TA"]
[PlyCount "116"]
[EventDate "2023.10.20"]
[EventType "team-tourn"]
[EventCountry "GER"]
[SourceTitle "playchess.com"]
[Source "ChessBase"]
[SourceQuality "1"]
[TimeControl "40/6000+30:3000+30"]

1. e4 e5 2. Nf3 Nc6 3. Bb5 a6 4. Ba4 Nf6 5. O-O Be7 6. Re1 b5 7. Bb3 O-O 8. a4 b4 9. a5 d6 10. c3 {[%emt 0:00:06] The modern move.} Rb8 11. Bc4 Bg4 {[%emt 0:01:12] C90: Closed Ruy Lopez with 7...d6: Early deviations.} 12. h3 Bh5 13. Bxa6 d5 14. exd5 Qxd5 15. d3 Bxf3 16. Qxf3 Qxf3 17. gxf3 bxc3 18. bxc3 Ra8 19. Bb7 Rxa5 20. Rxa5 Nxa5 21. Rxe5 Nxb7 22. Rxe7 Nc5 23. Rxc7 Nxd3 24. Be3 Nd5 25. Rd7 Nxe3 26. Rxd3 Nc4 27. Nd2 Nxd2 28. Rxd2 Ra8 29. Kg2 Kf8 30. c4 Ke7 31. Kg3 Ra3 32. Re2+ $146 ({Predecessor:} 32. Rd4 Rc3 33. h4 h5 34. Re4+ Kd6 35. Kf4 g6 36. Kg3 Kd7 37. Kg2 Kd6 38. f4 {½-½ Moussard,J (2672)-Harikrishna,P (2720) Olympiad-44 Chennai 2022 (4.1)}) 32... Kd7 33. h4 Rc3 34. Re4 h5 35. Kf4 f6 36. Rd4+ Ke6 37. Ke4 g6 38. Kf4 Ke7 39. Re4+ Kf7 40. Kg3 g5 41. Kg2 Kg6 42. hxg5 Kxg5 43. Kg3 Rc1 44. Rd4 Rg1+ 45. Kh2 Rc1 46. Kg2 f5 47. Kg3 Rg1+ 48. Kh2 Rc1 49. Kg2 Rc3 50. Kg3 Ra3 51. Rd8 h4+ 52. Kg2 Rc3 53. Rc8 Kf4 54. Rh8 Kg5 55. f4+ Kxf4 56. Rxh4+ Ke5 57. f3 Rc1 58. Kf2 f4 1/2-1/2

[Event "German Bundesliga 2023-24"]
[Site "Germany"]
[Date "2024.02.24"]
[Round "10.10"]
[White "Shengelia, David"]
[Black "Ivic, Velimir"]
[Result "0-1"]
[ECO "D05"]
[WhiteElo "2494"]
[BlackElo "2557"]
[Annotator "TA"]
[PlyCount "112"]
[EventDate "2023.10.20"]
[EventType "team-tourn"]
[EventCountry "GER"]
[SourceTitle "playchess.com"]
[Source "ChessBase"]
[SourceQuality "1"]
[TimeControl "40/6000+30:3000+30"]

1. d4 d5 2. Nf3 Nf6 3. e3 e6 4. b3 Bd6 5. Bd3 b6 6. O-O O-O 7. Bb2 Bb7 8. Nbd2 c5 9. dxc5 bxc5 10. Re1 {[%emt 0:03:00] The position is equal.} Nc6 11. e4 Bc7 12. a3 Rb8 13. Qe2 d4 14. e5 Nd7 15. Nc4 Na5 16. Nfd2 Bd5 17. f4 Qe7 (17... f6 {with more complications.} 18. exf6 Bxf4 19. fxg7 Rf7) 18. Rf1 g6 19. Nxa5 Bxa5 20. Nc4 Bxc4 21. Bxc4 Nb6 22. Rf3 Rfd8 23. Raf1 {[%emt 0:00:28] [#]} Bd2 $1 24. Bc1 (24. Ba6 $11 Be3+ 25. Kh1) (24. Bb5 Be3+) 24... Bxc1 $17 25. Rxc1 a5 26. g4 a4 27. Rcf1 Nd5 (27... Qh4 $17 28. h3 Nxc4 29. Qxc4 axb3 30. cxb3 h5 31. gxh5 Qxh5) 28. f5 $11 (28. Bxd5 {simplifies} Rxd5 29. bxa4 Ra8 30. Qc4) 28... Qg5 (28... Ne3 {seems wilder.} 29. fxe6 fxe6 30. Rf7 Qh4) 29. fxe6 fxe6 30. Rf6 Nxf6 $17 31. Bxe6+ Kh8 32. exf6 axb3 33. cxb3 {[%emt 0:00:10][%mdl 8192] Now White is beyond hope.} (33. h4 $17 {is tougher.} Qe3+ (33... Qxh4 34. Qe5 $15) 34. Qxe3 dxe3 35. cxb3) 33... d3 $19 34. Qf3 d2 35. f7 Qe5 {[%emt 0:02:04] Against Qc3} 36. Bc4 Kg7 {[%emt 0:00:44] ...Kf8 would now be deadly.} 37. Kg2 Qd4 (37... Kf8 $142 38. Rd1 Rd4) 38. g5 $2 (38. h3) 38... Kf8 {[%emt 0:01:03] Active counter play!} (38... d1=B 39. Rxd1 Qb2+ 40. Kh3 Rxd1 41. Qxd1 $14) 39. Rd1 Qe5 (39... Rb7 $142 {White must now prevent ...Re7.} 40. Qf6 Re7 41. Qxd4 Rxd4) 40. Qg3 Qe4+ 41. Qf3 Qxf3+ 42. Kxf3 {[%emt 0:00:09][%mdl 4096] Endgame. [#] KRR-KRB} Rb7 $1 {[%emt 0:00:11] ...Re7 is the strong threat.} 43. a4 Re7 44. Kf2 {[%emt 0:00:23] Prevents Re1} Re5 45. h4 Re4 46. h5 $2 (46. a5) 46... gxh5 {[%emt 0:02:11] And now ...h4 would win.} 47. a5 h4 48. a6 Re7 49. Be2 Rxf7+ 50. Kg2 {[%emt 0:00:31] [#]} h3+ $1 51. Kxh3 (51. Kg3 h2) 51... Re7 52. Bf3 Re1 53. Rxd2 Rxd2 54. a7 Ra2 55. a8=Q+ Rxa8 56. Bxa8 Re3+ {[%emt 0:00:04] Weighted Error Value: White=0.56/Black=0.20 (precise) .  Loses game:     	White=1     	---        Mistake:       	White=4     	Black=3      Inaccurate:     	White=4     	Black=3      OK:         	White=15    	Black=15     Best:        	White=4     	Black=4      Strong:       	---       	Black=1} 0-1

[Event "German Bundesliga 2023-24"]
[Site "Germany"]
[Date "2024.02.24"]
[Round "10.11"]
[White "McShane, Luke J"]
[Black "Baidetskyi, Valentin"]
[Result "1-0"]
[ECO "C07"]
[WhiteElo "2618"]
[BlackElo "2471"]
[Annotator "TA"]
[PlyCount "55"]
[EventDate "2023.10.20"]
[EventType "team-tourn"]
[EventCountry "GER"]
[SourceTitle "playchess.com"]
[Source "ChessBase"]
[SourceQuality "1"]
[TimeControl "40/6000+30:3000+30"]

1. e4 e6 2. d4 d5 3. Nd2 c5 4. Ngf3 cxd4 5. exd5 Qxd5 6. Bc4 Qd6 7. O-O Nf6 8. Re1 {[%emt 0:00:07][%mdl 1024] White has compensation.} Nc6 9. Ne4 Qb4 10. b3 {[%emt 0:13:17] The position is equal.} Be7 11. Bb2 b5 (11... Bd7 $14) 12. Bd3 $16 Bb7 13. a4 $1 bxa4 14. Rxa4 Qb6 15. Nxd4 {[%emt 0:00:51] White has more active pieces. The black rooks are passive.} Rd8 16. Qa1 Nb4 {[%emt 0:17:56] [#]} 17. Nf5 $1 $36 {[%emt 0:10:02][%mdl 2560] White is really pushing.} Nxe4 18. Nxg7+ Kf8 19. Bxe4 Rd2 $2 {[%emt 0:00:55] [#]} (19... Bxe4 {might work better.} 20. Rxe4 Rg8) 20. Rxb4 $1 $18 Bxb4 21. Bxb7 Rg8 {[%emt 0:05:58] [#]} 22. Bf3 Rxc2 (22... Qxf2+ 23. Kh1 Bd6 24. Bf6 $18) 23. Bd4 Qa5 {[%emt 0:00:37] [#]} (23... Ra2 $142 24. Bxb6 (24. Qxa2 Qxd4 25. Rd1 Qf6 $18) 24... Rxa1 25. Rxa1 axb6) 24. Bc5+ $1 {[%emt 0:02:34][%mdl 512] White is clearly winning.} Qxc5 {[%emt 0:04:38] [#]} 25. Nxe6+ $1 fxe6 26. Qf6+ Ke8 27. Qxe6+ Kd8 28. Qxg8+ {[%emt 0:01:56] Weighted Error Value: White=0.01 (flawless) /Black=0.27 (precise) .  Mistake:       	---       	Black=3      Inaccurate:     	White=1     	Black=1      OK:         	White=6     	Black=5      Best:        	White=4     	Black=4      Brilliant:      	White=3     	---} 1-0

[Event "German Bundesliga 2023-24"]
[Site "Germany"]
[Date "2024.02.24"]
[Round "10.12"]
[White "Kindermann, Stefan"]
[Black "Areshchenko, Alexander"]
[Result "1/2-1/2"]
[ECO "A48"]
[WhiteElo "2444"]
[BlackElo "2625"]
[Annotator "TA"]
[PlyCount "41"]
[EventDate "2023.10.20"]
[EventType "team-tourn"]
[EventCountry "GER"]
[SourceTitle "playchess.com"]
[Source "ChessBase"]
[SourceQuality "1"]
[TimeControl "40/6000+30:3000+30"]

1. d4 Nf6 2. Nf3 g6 3. Bf4 Bg7 4. c3 O-O 5. Nbd2 d6 6. e4 Nbd7 7. Be2 Nh5 8. Be3 e5 9. dxe5 dxe5 10. O-O Qe7 11. Re1 Rd8 12. Qc2 Nf8 13. Nc4 Nf4 14. Bf1 Bg4 15. Nfd2 b6 16. b4 h5 17. a4 Bd7 18. a5 g5 19. f3 g4 20. Bf2 Qg5 21. Ne3 {[%emt 0:08:45] Weighted Error Value: White=0.05 (flawless) /Black=0.09 (flawless) .  Inaccurate:     	White=1     	Black=2      OK:         	White=10    	Black=6      Best:        	---       	Black=1} 1/2-1/2

[Event "German Bundesliga 2023-24"]
[Site "Germany"]
[Date "2024.02.24"]
[Round "10.13"]
[White "Efimenko, Zahar"]
[Black "Zysk, Robert"]
[Result "1/2-1/2"]
[ECO "D73"]
[WhiteElo "2575"]
[BlackElo "2388"]
[Annotator "RC"]
[PlyCount "112"]
[EventDate "2023.10.20"]
[EventType "team-tourn"]
[EventCountry "GER"]
[SourceTitle "playchess.com"]
[Source "ChessBase"]
[SourceQuality "1"]
[TimeControl "40/6000+30:3000+30"]

1. Nf3 Nf6 2. g3 g6 3. Bg2 Bg7 4. d4 d5 5. O-O O-O 6. c4 c6 7. cxd5 cxd5 8. Ne5 Nc6 9. Nxc6 bxc6 10. Nc3 Ba6 11. Re1 Rc8 12. Bf4 Qa5 13. Be5 Rfd8 14. e3 Nd7 15. Bxg7 Kxg7 16. a3 e6 17. Rc1 Rb8 18. Na4 Bb5 19. Nc5 Bc4 20. Qa4 Qxa4 21. Nxa4 Rb3 22. Rc2 Rdb8 23. Bf1 Bb5 24. Bxb5 cxb5 25. Nc5 Nxc5 26. dxc5 Rc8 27. Kf1 Kf6 28. Rd1 Ke7 29. Ke2 a5 30. Rd4 Kd7 31. Rd3 Rxd3 32. Kxd3 a4 33. Kd4 f6 34. e4 dxe4 35. Kxe4 Ke7 36. f4 f5+ 37. Kd4 h6 38. h4 Rc7 39. Re2 Rc6 40. Re5 Rc8 41. Kc3 g5 42. hxg5 hxg5 43. fxg5 Rg8 44. Kb4 Rxg5 45. Re3 Rg8 46. Rd3 e5 47. c6 e4 48. Rc3 Kd6 49. Kxb5 Kc7 50. Kxa4 Re8 51. Re3 Kxc6 52. Kb4 Kd5 53. Kc3 Rh8 54. a4 Rh3 55. Kd2 Kd4 56. Rb3 Rh2+ 1/2-1/2

[Event "German Bundesliga 2023-24"]
[Site "Germany"]
[Date "2024.02.24"]
[Round "10.14"]
[White "Pruijssers, Roeland"]
[Black "Zeller, Frank"]
[Result "1/2-1/2"]
[ECO "A01"]
[WhiteElo "2539"]
[BlackElo "2335"]
[Annotator "TA"]
[PlyCount "73"]
[EventDate "2023.10.20"]
[EventType "team-tourn"]
[EventCountry "GER"]
[SourceTitle "playchess.com"]
[Source "ChessBase"]
[SourceQuality "1"]
[TimeControl "40/6000+30:3000+30"]

1. b3 g6 2. Bb2 Nf6 3. Bxf6 exf6 4. c4 b6 5. Nc3 Bb7 6. e3 Bg7 7. Nf3 O-O 8. Be2 d6 9. O-O Nd7 10. d4 f5 11. Rc1 Re8 12. Qc2 Nf6 13. Nd2 h5 14. Bf3 Bxf3 15. Nxf3 Ne4 16. Nd5 h4 17. Nd2 h3 18. g3 Bh6 19. Nxe4 fxe4 20. f4 {[%emt 0:00:18] White is more active.} c6 21. Nc3 Qd7 22. Qe2 ({Much weaker is} 22. Nxe4 $6 Qe7 23. Nf2 Qxe3 $11) 22... Rac8 23. Rc2 (23. d5 $16) 23... d5 $14 24. cxd5 (24. Rf2 $14 {might be stronger.}) 24... cxd5 $11 {[%emt 0:00:16] The position is equal.} 25. Rfc1 {[%emt 0:00:06][%cal Oc3d5] [#] And now Nxd5! would win.} Bg7 26. Qb5 Qg4 27. Qe2 Qd7 28. Nd1 Bf8 29. Nf2 Ba3 $1 30. Rxc8 Rxc8 31. Rc2 Bc1 {[%emt 0:04:47] ...Rxc2 is the strong threat.} 32. Nd1 Rc7 33. Rxc7 Qxc7 34. f5 gxf5 35. Qh5 Qc2 {[%emt 0:01:21][%csl Gh3][%cal Rc2g2] [#]} 36. Qg5+ Kf8 (36... Kh7 $11 37. Qxf5+ Kg8 38. Qg5+ Kh7 39. Qh4+ Kg6 40. Qg4+ Kf6 41. Qf4+ Kg7 42. Qg5+ Kh8 43. Qh6+ Kg8 44. Qg5+ Kf8 45. Qd8+ Kg7 46. Qg5+ Kh7 47. Qh5+ Kg7 48. Qg5+) 37. Qd8+ {[%emt 0:00:19] Weighted Error Value: White=0.06 (flawless) /Black=0.08 (flawless) .  Mistake:       	White=2     	Black=1      Inaccurate:     	White=1     	Black=2      OK:         	White=18    	Black=9      Best:        	White=2     	---        Strong:       	---       	Black=1} 1/2-1/2

[Event "German Bundesliga 2023-24"]
[Site "Germany"]
[Date "2024.02.24"]
[Round "10.15"]
[White "Gerigk, Erasmus"]
[Black "Reuker, Jari"]
[Result "1/2-1/2"]
[ECO "B22"]
[WhiteElo "2310"]
[BlackElo "2403"]
[Annotator "TA"]
[PlyCount "41"]
[EventDate "2023.10.20"]
[EventType "team-tourn"]
[EventCountry "GER"]
[SourceTitle "playchess.com"]
[Source "ChessBase"]
[SourceQuality "1"]
[TimeControl "40/6000+30:3000+30"]

1. e4 c5 2. c3 Nf6 3. e5 Nd5 4. Nf3 e6 5. d4 cxd4 6. cxd4 d6 7. Bc4 Be7 8. O-O O-O 9. Qe2 a6 10. Qe4 {[%emt 0:04:57] The position is equal.} Nd7 11. Rd1 b5 12. Bxd5 exd5 13. Qf4 dxe5 14. dxe5 Nc5 (14... f6 $1 $15 15. Qg3 Nxe5) 15. Nc3 $11 Be6 16. Be3 Rc8 17. Qd4 $36 {[%emt 0:12:35][%cal Rc3d5][%mdl 2048] White is pushing.} Rc7 18. Rac1 (18. Nxd5 $2 {too greedy.} Bxd5 19. Qxd5 Rd7 $19) 18... b4 19. Ne2 (19. Nxd5 Bxd5 20. Qxd5 Rd7 21. Rxc5 Rxd5 22. Rcxd5 Qa8 $15) ({Much weaker is} 19. Qxb4 Nd3 20. Qa5 Nxc1 $15) 19... Ne4 ({Better is} 19... Qb8 $14) 20. Nf4 $16 {[%emt 0:03:46] [#] And now Nxe6 would win.} Rxc1 21. Rxc1 {[%emt 0:04:03] Weighted Error Value: White=0.09 (flawless) /Black=0.19 (very precise) .  Mistake:       	---       	Black=2      Inaccurate:     	White=1     	Black=2      OK:         	White=6     	Black=2} 1/2-1/2

[Event "German Bundesliga 2023-24"]
[Site "Germany"]
[Date "2024.02.24"]
[Round "10.16"]
[White "Gerigk, Erasmus"]
[Black "Reuker, Jari"]
[Result "*"]
[ECO "B22"]
[WhiteElo "2310"]
[BlackElo "2403"]
[Annotator "ChessBase"]
[PlyCount "27"]
[EventDate "2023.10.20"]
[EventType "team-tourn"]
[EventCountry "GER"]
[SourceTitle "playchess.com"]
[Source "ChessBase"]
[SourceQuality "1"]
[TimeControl "40/6000+30:3000+30"]

1. e4 c5 2. c3 Nf6 3. e5 Nd5 4. Nf3 e6 5. d4 cxd4 6. cxd4 d6 7. Bc4 Be7 8. O-O O-O 9. Qe2 a6 10. Qe4 Nd7 11. Rd1 b5 12. Bxd5 exd5 13. Qf4 dxe5 14. dxe5 *